 Dungeon Crawl Stone Soup version 0.29.0-4-gdea44cf6ec (webtiles) character file.

Game seed: 11984663753076380757

114 qw the Chopper (level 4, 0/26 HPs)
             Began as a Tengu Warper on Aug 28, 2022.
             Slain by an ice beast (6 damage)
             ... on level 3 of the Dungeon.
             The game lasted 00:00:15 (2111 turns).

qw the Chopper (Tengu Warper)                       Turns: 2111, Time: 00:00:15

Health: 0/26       AC:  7    Str: 13    XL:     4   Next: 98%
Magic:  8/8        EV:  9    Int: 13    God:
Gold:   117        SH:  0    Dex: 14    Spells: 7/7 levels left

rFire   . . .      SeeInvis .   h - +0 war axe
rCold   . . .      Faith    .   (no shield)
rNeg    . . .      Spirit   .   d - +0 scale mail
rPois   .          Reflect  .   (helmet restricted)
rElec   .          Harm     .   k - +0 cloak
rCorr   .          Rampage  .   (no gloves)
Will    .....                   (boots unavailable)
Stlth   ..........              (no amulet)
HPRegen 0.08/turn               (no ring)
MPRegen 0.11/turn               (no ring)

@: no status effects
A: beak, talons 3
a: no special abilities


You were on level 3 of the Dungeon.
You visited 1 branch of the dungeon, and saw 3 of its levels.

You collected 155 gold pieces.
You spent 38 gold pieces at shops.


Innate Abilities, Weirdness & Mutations

You have a beak for a mouth.
You have claws for feet.


   Skills:
 - Level 2.0 Fighting
 + Level 5.5 Axes
 - Level 1.0 Throwing
 - Level 1.1 Armour
 - Level 2.1 Dodging
 - Level 2.0 Spellcasting
 - Level 2.4 Translocations


You had 7 spell levels left.
You didn't know any spells.
Your spell library contained the following spells:

 Spells                   Type           Power      Damage    Failure   Level
 Blink                    Tloc           14%        N/A       56%         2
 Gell's Gravitas          Tloc           7%         N/A       80%         3
 Lesser Beckoning         Tloc           7%         N/A       80%         3
 Teleport Other           Tloc           7%         N/A       80%         3
 Manifold Assault         Tloc           7%         N/A       100%        5

Inventory:

Hand Weapons
 h - a +0 war axe (weapon)
 Y - a +1 hand axe of flaming
Armour
 d - a +0 scale mail (worn)
 k - a +0 cloak (worn)
Jewellery
 b - a ring of ice
Scrolls
 a - a scroll of teleportation
 g - a scroll of fog {unknown}
 i - a scroll of identify
Potions
 c - 2 potions of invisibility {unknown}
 e - a potion of haste
 f - a potion of might {unknown}

Dungeon Overview and Level Annotations

Branches:
Dungeon (3/15)

Altars:

Shops:
D:3 ([


Message History

There is an open door here.
Found an escape hatch in the floor.
You now have 107 gold pieces (gained 9).
You now have 112 gold pieces (gained 5).
You now have 117 gold pieces (gained 5).
An ice beast comes into view.
Enter note: You closely miss the ice beast.
Your kick misses the ice beast. The ice beast hits you.
The ice beast freezes you.
You slash the ice beast!
You claw the ice beast, but do no damage.
The ice beast is moderately wounded.
The ice beast hits you but does no damage.
You hit the ice beast.
The ice beast is heavily wounded.
The ice beast barely misses you.
You closely miss the ice beast.
The ice beast is heavily wounded.
The ice beast barely misses you.
The ice beast hits you but does no damage.
You hit the ice beast. Your kick misses the ice beast.
You peck the ice beast, but do no damage.
The ice beast is heavily wounded.
The ice beast barely misses you.
You hit the ice beast. Your kick misses the ice beast.
You peck the ice beast, but do no damage.
The ice beast is heavily wounded.
The ice beast closely misses you.
You barely miss the ice beast. You claw the ice beast.
The ice beast is severely wounded.
The ice beast completely misses you.
You hit the ice beast but do no damage.
You claw the ice beast, but do no damage.
The ice beast is severely wounded.
The ice beast hits you but does no damage.
The ice beast hits you. The ice beast freezes you!
You hit the ice beast.
The ice beast is severely wounded.
The ice beast hits you. The ice beast freezes you.
You die...

#.# #.###.#
####.######...#.#
...........<##+#
#...######.....
#...# #.##.#
####...#### #.....
##.........####....
#...............#>.
#.@...>....#######.
#Y###...##.........
#. #...##.######..
#. #...##.# #. #.
##.....# .# #.
####### #. #.


You could see an ice beast.

Vanquished Creatures
  Natasha (D:3)
  An adder (D:1)
  2 worms (D:2)
  A dart slug (D:1)
  2 orcs (D:3)
  10 bats
  4 endoplasms
  5 giant cockroaches
  3 goblins
  3 hobgoblins (D:1)
  3 jackals (D:3)
  3 quokkas
  9 ball pythons
  9 frilled lizards
  6 kobolds
  7 rats (D:1)
69 creatures vanquished.

Vanquished Creatures (others)
  5 toadstools (D:1)
5 creatures vanquished.

Grand Total: 74 creatures vanquished

Notes
Turn   | Place    | Note
-------+----------+-------------------------------------------
     0 | D:1      | qw the Tengu Warper began the quest for the Orb.
     0 | D:1      | Reached XP level 1. HP: 12/12 MP: 4/4
     0 | D:1      | 0 ||| qw: Version: 0.1-a-89-g26bdef1
     0 | D:1      | 0 ||| qw: Game counter: 1285
     0 | D:1      | 0 ||| qw: Always use a shield: true
     0 | D:1      | 0 ||| qw: God list: Okawaru
     0 | D:1      | 0 ||| qw: Allow faded altars: false
     0 | D:1      | 0 ||| qw: Do Orc after D:15 true
     0 | D:1      | 0 ||| qw: Do second Lair branch before Depths: true
     0 | D:1      | 0 ||| qw: Lair rune preference: random
     0 | D:1      | 0 ||| qw: Plans: Normal
     0 | D:1      | 0 ||| PLANNING D:1-11
    56 | D:1      | Reached skill level 3 in Axes
    56 | D:1      | Reached XP level 2. HP: 17/17 MP: 6/6
    87 | D:1      | 87 ||| DROPPING +0 club.
   137 | D:1      | 137 ||| Stepping ~*~*~tactically~*~*~ (stealth).
   144 | D:1      | 144 ||| Stepping ~*~*~tactically~*~*~ (stealth).
   219 | D:1      | Found a faded altar of an unknown god.
   367 | D:1      | 367 ||| SWAPPING to +1 vorpal hand axe.
   368 | D:1      | 368 ||| DROPPING +0 hand axe.
   473 | D:1      | Reached XP level 3. HP: 21/21 MP: 7/7
   526 | D:1      | 526 ||| Stepping ~*~*~tactically~*~*~ (stealth).
   538 | D:1      | Reached skill level 4 in Axes
   680 | D:1      | 680 ||| Stepping ~*~*~tactically~*~*~ (stealth).
   688 | D:1      | 688 ||| Stepping ~*~*~tactically~*~*~ (stealth).
   690 | D:1      | 690 ||| Stepping ~*~*~tactically~*~*~ (stealth).
   721 | D:1      | 721 ||| Stepping ~*~*~tactically~*~*~ (stealth).
   722 | D:1      | 722 ||| Stepping ~*~*~tactically~*~*~ (stealth).
   740 | D:1      | 740 ||| UPGRADING to +0 scale mail.
   750 | D:1      | 750 ||| DROPPING +0 leather armour.
   751 | D:1      | 751 ||| UPGRADING to +0 cloak.
   756 | D:1      | 756 ||| READING scroll labelled DACWETIKEA.
   857 | D:1      | 857 ||| READING 2 scrolls labelled FANAAN OMIMN.
   858 | D:1      | 858 ||| READING scroll labelled OWEMI ODOATZ.
   862 | D:1      | 862 ||| DRINKING 2 pink potions.
   863 | D:1      | 863 ||| DROPPING scroll of blinking.
   864 | D:1      | 864 ||| DROPPING potion of attraction.
   873 | D:2      | 873 ||| STAIRDANCE
   895 | D:2      | 895 ||| Stepping ~*~*~tactically~*~*~ (stealth).
   995 | D:2      | 995 ||| SWAPPING to +1 hand axe of flaming.
   996 | D:2      | 996 ||| DROPPING +0 whip.
   997 | D:2      | 997 ||| DROPPING +1 vorpal hand axe.
  1082 | D:2      | 1082 ||| Stepping ~*~*~tactically~*~*~ (stealth).
  1084 | D:2      | 1084 ||| Stepping ~*~*~tactically~*~*~ (stealth).
  1088 | D:2      | Reached XP level 4. HP: 26/26 MP: 8/8
  1103 | D:2      | 1103 ||| Stepping ~*~*~tactically~*~*~ (stealth).
  1651 | D:2      | 1651 ||| READING 4 scrolls labelled DIMYTI YLEI.
  1652 | D:2      | 1652 ||| READING 2 scrolls of identify.
  1652 | D:2      | 1652 ||| IDENTIFYING fizzy white potion
  1653 | D:2      | 1653 ||| DROPPING 3 scrolls of magic mapping.
  1680 | D:3      | Noticed Natasha
  1689 | D:3      | Killed Natasha
  1690 | D:3      | Reached skill level 5 in Axes
  1924 | D:3      | Found Hunt's Armour Boutique.
  2035 | D:3      | 2035 ||| Stepping ~*~*~tactically~*~*~ (stealth).
  2047 | D:3      | Found Qoxirgh's Weapon Shoppe.
  2060 | D:3      | 2060 ||| BUYING +0 war axe (38 gold).
  2060 | D:3      | Bought a +0 war axe for 38 gold pieces
  2060 | D:3      | 2060 ||| SWAPPING to +0 war axe.
  2101 | D:3      | Noticed an ice beast
  2111 | D:3      | HP: 6/26 [ice beast (3)]
  2111 | D:3      | Slain by an ice beast

Levels and vault maps discovered:
D:1:      ldierk_walled_garden, layout_basic,
          shapermc_ecumenical_altar_hornbeckon
D:2:      layout_loops_ring, minmay_lizard_pond
D:3:      layout_loops_ring, serial_shops, nicolae_shop_hallway_plus,
          nicolae_square_shop, nicolae_shop_waterfront, minmay_misc_feat_room,
          corexii_item_surrounded_by_moat, dk_noncrumbling_3, uniq_natasha

Skill      XL: |  1  2  3  4 |
---------------+-------------+-----
Axes           | 3 4 5 |  5.5
Fighting       | |  2.0
Throwing       | |  1.0
Armour         | |  1.1
Dodging        | |  2.1
Spellcasting   | |  2.0
Translocations | |  2.4

Action                   |  1- 3 |  4- 6 || total
-------------------------+-------+-------++-------
Melee: Hand axe          |    82 |    50 ||   132
       Peck              |    12 |     6 ||    18
       Kick              |     9 |    13 ||    22
       Punch             |     1 |       ||     1
       War axe           |       |     9 ||     9
Throw: Boomerang         |     7 |       ||     7
  Use: Scroll            |     3 |     2 ||     5
       Potion            |     1 |       ||     1
Armor: Leather armour    |    22 |       ||    22
       Scale mail        |     6 |    18 ||    24
Dodge: Dodged            |    42 |    12 ||    54

Table legend:
 A = Non-vault XP
 B = Vault XP
 C = Vault XP percentage of total XP
 D = Non-vault monster count
 E = Vault monster count
 F = Vault count percentage of total count
                 A         B        C        D         E       F
            +---------+---------+-------+---------+---------+-------
      Total |     123 |      41 |  25.0 |      62 |       7 |  10.1
            +---------+---------+-------+---------+---------+-------
        D:1 |      74 |       0 |   0.0 |      38 |       0 |   0.0
        D:2 |      26 |       6 |  18.8 |      12 |       6 |  33.3
        D:3 |      23 |      35 |  60.3 |      12 |       1 |   7.7
            +---------+---------+-------+---------+---------+-------
